 Dungeon Crawl Stone Soup version 0.28.0-62-gf88900778d (webtiles) character file.

Game seed: 3137561585410632721

77 cbfl8 the Skirmisher (level 4, -2/40 HPs)
             Began as a Hill Orc Fighter on July 7, 2023.
             Slain by a gnoll
             ... wielding a +0 whip
              (5 damage)
             ... on level 1 of the Dungeon.
             The game lasted 00:02:01 (1595 turns).

cbfl8 the Skirmisher (Hill Orc Fighter)             Turns: 1595, Time: 00:02:01

Health: -2/40      AC:  9    Str: 18    XL:     4   Next: 34%
Magic:  4/4        EV:  6    Int:  8    God:
Gold:   31         SH:  4    Dex: 12    Spells: 3/3 levels left

rFire   . . .      SeeInvis .   a - +0 war axe
rCold   . . .      Faith    .   c - +0 buckler
rNeg    . . .      Spirit   .   j - +0 chain mail
rPois   .          Reflect  .   (no helmet)
rElec   .          Harm     .   (no cloak)
rCorr   .          Rampage  .   (no gloves)
Will    .....                   (no boots)
Stlth   ..........              (no amulet)
HPRegen 0.13/turn               (no ring)
MPRegen 0.09/turn               (no ring)

@: no status effects
A: no striking features
a: no special abilities


You were on level 1 of the Dungeon.
You visited 1 branch of the dungeon, and saw 2 of its levels.

You collected 31 gold pieces.

Inventory:

Hand Weapons
 a - a +0 war axe (weapon)
Armour
 c - a +0 buckler (worn)
 j - a +0 chain mail (worn)
Scrolls
 b - 2 scrolls of identify {unknown}
 e - a scroll of brand weapon {unknown}
 i - a scroll of teleportation {unknown}
Potions
 d - a potion of might
 f - a potion of invisibility {unknown}
 g - a potion of ambrosia {unknown}
 h - a potion of brilliance {unknown}


   Skills:
 + Level 3.9 Fighting
 + Level 3.5 Axes
 * Level 1.2 Throwing
 + Level 3.8 Armour
 + Level 0.1 Dodging
 + Level 3.8 Shields
 * Level 0.9 Evocations


You had 3 spell levels left.
You didn't know any spells.
Your spell library contained the following spells:

 Spells                   Type           Power      Damage    Failure   Level
 Blink                    Tloc           0%         N/A       100%        2
 Lesser Beckoning         Tloc           0%         N/A       100%        3
 Manifold Assault         Tloc           0%         N/A       100%        5


Dungeon Overview and Level Annotations

Branches:
Dungeon (2/15)

Altars:


Message History

The gnoll moves out of view.
A gnoll comes into view. It is wielding a +0 whip.
There are monsters nearby!
The gnoll hits you with a +0 whip.
You slash the gnoll!
The gnoll is almost dead.
The gnoll closely misses you.
You closely miss the gnoll.
The gnoll is almost dead.
The gnoll hits you but does no damage.
You hit the gnoll.
You kill the gnoll!
The gnoll throws a throwing net.
The throwing net hits you.
You become entangled in the net!
You see here a throwing net.
You struggle against the net.
The gnoll hits you from afar with a +0 halberd!
You struggle against the net.
The gnoll hits you from afar with a +0 halberd!
You struggle against the net.
The gnoll hits you from afar with a +0 halberd.
The gnoll hits you with a +0 whip.
You rip the net and break free!
The gnoll hits you from afar with a +0 halberd!
* * * LOW HITPOINT WARNING * * *
The gnoll hits you with a +0 whip!
* * * LOW HITPOINT WARNING * * *
The gnoll throws a throwing net.
You block the throwing net.
You see here a throwing net.
There is a stone staircase leading up here.
The gnoll completely misses you.
You climb upwards.
There is a stone staircase leading down here.
You barely miss the gnoll. You block the gnoll's attack.
You hit the gnoll.
The gnoll is lightly wounded.
The gnoll hits you with a +0 whip.
* * * LOW HITPOINT WARNING * * *
The gnoll hits you with a +0 whip.
You die...

##...#.###.##..# #.####
#####....## ##....# #.#
#......#..###..#.## #.#
#.###..#.#.#.#.#.# #.#
#.# #..#.##.##.#.# #.#
#.# #..#.##.##)#.# #.#
#.# #..#.##.##...# #.#
#.###..#.##......####.#
...............g@.....#
..###.##.######.#######
..###.##.# #.#
......##.# #.#
.#######.#### #.# .#
#......# #.# .###
######'############ ...#
#....(....#..(...#
...####.........#.####.#


You could see a gnoll.

Vanquished Creatures
  4 gnolls
  3 endoplasms (D:1)
  2 giant cockroaches (D:1)
  5 goblins
  4 hobgoblins (D:1)
  4 jackals (D:1)
  2 kobolds (D:1)
  2 quokkas (D:1)
  4 ball pythons (D:1)
  A bat (D:1)
  2 frilled lizards (D:1)
  3 rats
36 creatures vanquished.

Notes
Turn   | Place    | Note
-------+----------+-------------------------------------------
     0 | D:1      | cbfl8 the Hill Orc Fighter began the quest for the Orb.
     0 | D:1      | Reached XP level 1. HP: 19/19 MP: 1/1
   265 | D:1      | Reached XP level 2. HP: 27/27 MP: 2/2
   576 | D:1      | Found a faded altar of an unknown god.
   595 | D:1      | Reached XP level 3. HP: 31/33 MP: 3/3
   922 | D:2      | Reached skill level 1 in Throwing
  1138 | D:1      | HP: 1/33 [gnoll/+1 flail of protection (1)]
  1140 | D:1      | Reached XP level 4. HP: 2/40 MP: 4/4
  1565 | D:2      | HP: 1/40 [gnoll/+0 whip (7)]
  1595 | D:1      | Slain by a gnoll

Illustrated notes

Levels and vault maps discovered:
D:1:      mushboom_english_gardens, layout_loops_ring,
          chequers_ecumenical_altar_simple
D:2:      layout_basic, corexii_hall_statues_deadend, uniq_sigmund,
          uniq_crazy_yiuf_cottage, uniq_jessica

Skill      XL: |  1  2  3 |
---------------+----------+-----
Throwing       | 1 |  1.2
Axes           | 3 |  3.5
Fighting       | |  3.9
Armour         | |  3.8
Dodging        | |  0.1
Shields        | |  3.8
Evocations     | |  0.9

Action                   |  1- 3 |  4- 6 || total
-------------------------+-------+-------++-------
Melee: War axe           |   111 |    10 ||   121
Armor: Scale mail        |    46 |       ||    46
       Chain mail        |    13 |     3 ||    16
Dodge: Dodged            |    60 |     2 ||    62
Block: Buckler           |    34 |     3 ||    37
